 Dungeon Crawl Stone Soup version 0.31.0-1-g2c135a0 (webtiles) character file.

Game seed: 16440999670857440169

25551 KillerQueen the Stickfighter (level 12, 0/93 (117) HPs)
             Began as a Minotaur Fighter on Feb 9, 2024.
             Was a Follower of Yredelemnul.
             Slain by a spectral fenstrider witch (3 damage)
             ... called from beyond by a ghost crab
             ... on level 2 of the Swamp.
             The game lasted 00:31:54 (11790 turns).

KillerQueen the Stickfighter (Minotaur Fighter)    Turns: 11790, Time: 00:31:54

HP:   0/93 (117)    AC:  5    Str: 31    XL:     12   Next: 90%
MP:   0/11          EV: 18    Int:  5    God:    Yredelemnul [*.....]
Gold: 617           SH:  0    Dex: 11    Spells: 11/11 levels left

rFire   . . .        f - +9 lajatang (venom)
rCold   . . .        (shield currently unavailable)
rNeg    . . .        H - +3 ring mail "Gelluas" {-Cast *Corrode Slay+5 SInv}
rPois   .            (helmet restricted)
rElec   .            (no cloak)
rCorr   .            J - +0 pair of gloves
SInv    +            c - +0 pair of boots
Will    .....        a - amulet of guardian spirit
Stlth   ++           h - +5 ring of evasion
HPRegen 0.35/turn    x - +6 ring of strength
MPRegen 0.12/turn

%: no spellcasting, corrode self (3%), guardian spirit
@: corroded, heavily drained
A: horns 2, retaliatory headbutt
a: Renounce Religion, Recall Undead Harvest


You were on level 2 of the Swamp.
You worshipped Yredelemnul.
Yredelemnul was noncommittal.
You visited 4 branches of the dungeon, and saw 14 of its levels.
You also visited: Bailey.

You collected 1157 gold pieces.
You spent 540 gold pieces at shops.

Inventory:

Hand Weapons
 f - a +9 lajatang of venom (weapon)
 k - the +7 staff of the Meek {protect, meekguard}
   (You found it on level 2 of the Dungeon)
Missiles
 p - 3 throwing nets (quivered)
Armour
 c - a +0 pair of boots (worn)
 H - the +3 ring mail "Gelluas" (worn) {-Cast *Corrode Slay+5 SInv}
   (You bought it in a shop on level 9 of the Dungeon)

   Slay+5:    It affects your accuracy & damage with ranged weapons and melee
   (+5).
   SInv:      It lets you see invisible.
   -Cast:     It prevents spellcasting.
   *Corrode:  It may corrode you when you take damage.
 J - a +0 pair of gloves (worn)
Jewellery
 a - an amulet of guardian spirit (around neck)
 h - a +5 ring of evasion (left hand)
 l - a ring of positive energy
 x - a +6 ring of strength (right hand)
Wands
 i - a wand of mindburst (31)
 u - a wand of polymorph (29)
 B - a wand of charming (11)
 G - a wand of quicksilver (18)
Scrolls
 b - 3 scrolls of fog
 m - a scroll of enchant armour {unknown}
 o - 2 scrolls of noise
 t - a scroll of immolation
 v - 3 scrolls of vulnerability
 y - 2 scrolls of blinking
 z - 3 scrolls of revelation
 A - a scroll of fear
 I - a scroll of acquirement
 K - a scroll of enchant weapon
 M - 2 scrolls of poison {unknown}
Potions
 d - 3 potions of might
 e - 2 potions of invisibility
 g - 2 potions of magic
 j - a potion of brilliance
 n - 3 potions of lignification
 q - 3 potions of haste
 r - 2 potions of resistance {unknown}
 s - a potion of degeneration {unknown}
 C - a potion of enlightenment {unknown}
 D - a potion of berserk rage {unknown}
 E - 3 potions of cancellation {unknown}
 F - 2 potions of attraction {unknown}
 L - a potion of mutation {unknown}


   Skills:
 + Level 14.0 Fighting
 + Level 2.8 Long Blades
 + Level 16.9 Staves
 + Level 10.9 Armour
 + Level 7.0 Dodging
 + Level 4.3 Stealth
 + Level 4.0 Shields
 + Level 1.8 Evocations


You had 11 spell levels left.
You didn't know any spells.
Your spell library contained the following spells:

 Spells                   Type           Power      Damage    Failure   Level
 Foxfire                  Conj/Fire      0%         2x1d4     56%         1
 Kiss of Death            Conj/Necr      0%         2d5       56%         1
 Magic Dart               Conj           0%         1d3       56%         1
 Blink                    Tloc           0%         N/A       71%         2
 Call Imp                 Summ           0%         N/A       71%         2
 Ensorcelled Hibernation  Hex/Ice        0%         N/A       71%         2
 Lesser Beckoning         Tloc           0%         N/A       71%         2
 Searing Ray              Conj           0%         2d4       71%         2
 Confusing Touch          Hex            0%         N/A       91%         3
 Fugue of the Fallen      Necr           0%         N/A       91%         3
 Gell's Gravitas          Tloc           0%         N/A       91%         3
 Teleport Other           Tloc           0%         N/A       91%         3
 Volatile Blastmotes      Fire/Tloc      0%         2d10      91%         3
 Anguish                  Hex/Necr       0%         N/A       100%        4
 Dispel Undead            Necr           0%         3d6       100%        4
 Fulminant Prism          Conj/Alch      0%         3d5       100%        4
 Iskenderun's Mystic Bla  Conj/Tloc      0%         2d3       100%        4
 Plasma Beam              Fire/Air       0%         2x1d10    100%        6
 Starburst                Conj/Fire      0%         6d3       100%        6


Dungeon Overview and Level Annotations

Branches:
Dungeon (9/15)             Temple (1/1) D:6            Lair (2/5) D:8
  Swamp (2/4) Lair:2       Spider (0/4) Lair:2       Bailey (visited)
    Orc: D:9-12

Altars:
Cheibriados
Dithmenos
Elyvilon
Fedhas
Gozag
Hepliaklqana
Kikubaaqudgha
Makhleb
Nemelex Xobeh
Okawaru
Qazlal
Ru
Sif Muna
Trog
Uskayaw
Vehumet
Wu Jian
Xom
Yredelemnul
The Shining One

Shops:
D:8 (   D:9 ?(=[


Innate Abilities, Weirdness & Mutations

You have a pair of horns on your head.
You reflexively headbutt those who attack you in melee.


Message History

The spectral mist engulfs you. The spectral fenstrider witch hits you.
* * * LOW HITPOINT WARNING * * *
You feel drained.
* * * LOW HITPOINT WARNING * * *
The spectral fenstrider witch kicks you but does no damage.
The ghost crab breathes spectral mist at you.
The spectral mist engulfs you.
You feel better.
The ghost crab breathes spectral mist at you.
The spectral mist engulfs you.
The spectral fenstrider witch barely misses you.
You furiously retaliate!
You headbutt the spectral fenstrider witch.
The spectral fenstrider witch closely misses you.
Your tyrant leech zombie bites the spectral fenstrider witch!
The ghost crab breathes spectral mist at you.
The spectral mist engulfs you.
You feel better. The spectral fenstrider witch hits you!
* * * LOW HITPOINT WARNING * * *
The spectral fenstrider witch misses you.
The spectral fenstrider witch barely misses you. x2
The spectral spriggan air mage hits your tyrant leech zombie.
The ghost crab breathes spectral mist at you.
The spectral mist engulfs you.
Your tyrant leech zombie bites the spectral fenstrider witch but does no damage.
You feel better.
The spectral fenstrider witch fades away!
The spectral fenstrider witch closely misses you.
The spectral fenstrider witch kicks you.
* * * LOW HITPOINT WARNING * * *
The spectral fenstrider witch hits you but does no damage.
The spectral fenstrider witch kicks you!
* * * LOW HITPOINT WARNING * * *
You feel drained.
* * * LOW HITPOINT WARNING * * *
You hit the spectral fenstrider witch but do no damage.
Your headbutt misses the spectral fenstrider witch.
The spectral fenstrider witch hits you.
You die...
Your body rises from the dead as a mindless zombie.

?≈≈......§~≈.♣.
.≈§.......~≈~.~
~≈≈~......≈≈.♣
.~≈≈~....≈≈~~♣♣
.~§≈~~..≈≈..~~♣
.....≈≈...≈~~♣
......~≈.Z☼≈°♣♣ ♣
......≈°~°tZ~.♣.♣
~..~~≈≈.°Z@Z☼≈.°♣
≈.~≈≈≈~°..§.°Z°~♣
≈≈≈≈.~..°...○°°~§♣
~..~.♣~...♣♣t°.♣♣
♣♣.....~♣ ♣♣.?♣
♣...♣.♣♣ .~.§
♣...♣♣♣ ~~~ ♣.♣~~♣
. ♣~~~~♣


You could see 2 ghost crabs, a spectral death drake (summoned), a spectral
spriggan air mage (summoned), 2 spectral fenstrider witches and a friendly
tyrant leech zombie.

Vanquished Creatures
  An eleionoma (Swamp:1)
  A bunyip (Swamp:1)
  Harold (Lair:1)
  A centaur warrior (D:9)
  An alligator (Swamp:1)
  Erica (D:9)
  A death yak (D:9)
  Urug (Lair:1)
  An orc high priest (Bailey)
  A goliath frog (Swamp:2)
  A bog body (Lair:2)
  An orc knight (Bailey)
  An orc sorcerer (Bailey)
  An ugly thing (D:9)
  2 will-o-the-wisps (Swamp:1)
  A black mamba (Lair:2)
  4 cane toads
  3 rime drakes
  A komodo dragon (Lair:2)
  A polar bear (Lair:2)
  4 tyrant leeches
  8 blink frogs
  28 yaks
  A wyvern (D:7)
  A vampire mosquito (Swamp:1)
  A steam dragon (D:9)
  8 swamp worms
  3 water moccasins
  12 orc warriors
  A sky beast (D:8)
  5 ice beasts
  A black bear (D:5)
  2 ogres
  2 wolves (D:8)
  2 centaurs
  2 phantoms (D:5)
  3 bullfrogs
  A scorpion (D:7)
  3 killer bees (D:8)
  8 howler monkeys
  6 electric eels
  3 bombardier beetles
  3 hounds
  2 orc priests
  4 jellies
  Jessica (D:3)
  5 orc wizards
  A sleepcap (D:7)
  2 iguanas
  7 gnolls (Bailey)
  10 adders
  2 shadow imps
  3 white imps
  5 ufetubi
  3 dart slugs
  A ribbon worm (D:2)
  31 orcs
  A bat (D:1)
  5 endoplasms
  7 giant cockroaches
  23 goblins
  11 hobgoblins
  8 jackals
  6 quokkas
  6 ball pythons
  2 frilled lizards
  7 kobolds
  5 rats
292 creatures vanquished.

Vanquished Creatures (collateral kills)
  A cane toad (Lair:2)
  A blink frog (Lair:2)
  10 yaks
  A vampire mosquito (Swamp:1)
  2 electric eels (Bailey)
  A goblin (Bailey)
16 creatures vanquished.

Vanquished Creatures (others)
  A blink frog zombie (Lair:1)
  A water moccasin zombie (D:8)
  A wolf zombie (D:8)
  An orc zombie (Bailey)
  3 gnoll zombies (Bailey)
  4 goblin zombies (Bailey)
  4 foxfires (Swamp:1)
15 creatures vanquished.

Grand Total: 323 creatures vanquished

Notes
Turn   | Place    | Note
-------+----------+-------------------------------------------
     0 | D:1      | KillerQueen the Minotaur Fighter began the quest for the
                  | Orb.
     0 | D:1      | Reached XP level 1. HP: 19/19 MP: 0/0
   158 | D:1      | Identified a scroll of acquirement
   158 | D:1      | Acquired a +2 lajatang of venom
   257 | D:1      | Reached XP level 2. HP: 27/27 MP: 1/1
   652 | D:2      | Reached XP level 3. HP: 33/33 MP: 2/2
   821 | D:2      | Found the +7 staff of the Meek {protect, meekguard}
   838 | D:2      | Reached skill level 1 in Staves
   983 | D:2      | Reached XP level 4. HP: 41/41 MP: 3/3
  1424 | D:3      | Reached skill level 2 in Staves
  1468 | D:3      | Noticed Jessica
  1471 | D:3      | Killed Jessica
  1628 | D:3      | Reached skill level 3 in Staves
  1628 | D:3      | Reached skill level 1 in Dodging
  1677 | D:3      | Reached XP level 5. HP: 46/47 MP: 4/4
  1940 | D:4      | Identified the +1 ring mail of Patterns {rC+ Slay+2}
  2040 | D:4      | Found a white marble altar of Elyvilon.
  2099 | D:4      | Found a sacrificial altar of Ru.
  2105 | D:4      | Reached skill level 4 in Staves
  2242 | D:4      | Found an ornate altar of the Wu Jian Council.
  2252 | D:4      | Found a glowing golden altar of the Shining One.
  2256 | D:4      | Found an iron altar of Okawaru.
  2259 | D:4      | Found a snail-covered altar of Cheibriados.
  2709 | D:4      | Found a radiant altar of Vehumet.
  2884 | D:5      | Entered Level 5 of the Dungeon
  2908 | D:5      | Found a stormy altar of Qazlal.
  2912 | D:5      | Found a blossoming altar of Fedhas.
  2955 | D:5      | Reached XP level 6. HP: 50/55 MP: 5/5
  3184 | D:5      | Reached skill level 5 in Fighting
  3184 | D:5      | Reached skill level 5 in Staves
  3218 | D:5      | Reached skill level 6 in Staves
  3218 | D:5      | Reached XP level 7. HP: 60/61 MP: 4/6
  3251 | D:5      | Reached skill level 5 in Armour
  3251 | D:5      | Reached skill level 1 in Stealth
  3424 | D:5      | Reached skill level 7 in Staves
  3711 | D:6      | Found a staircase to the Ecumenical Temple.
  3735 | D:6      | Reached skill level 8 in Staves
  3735 | D:6      | Reached XP level 8. HP: 68/70 MP: 7/7
  3749 | Temple   | Entered the Ecumenical Temple
  3794 | Temple   | Became a worshipper of Yredelemnul the Dark
  4002 | D:6      | Reached * piety under Yredelemnul
  4079 | D:6      | Reached ** piety under Yredelemnul
  4080 | D:6      | Reached skill level 9 in Staves
  4491 | D:7      | Reached skill level 10 in Staves
  4903 | D:8      | Found Gosimiv's Weapon Shoppe.
  4948 | D:8      | Reached XP level 9. HP: 61/79 MP: 5/8
  4948 | D:8      | Noticed a rime drake
  4956 | D:8      | Killed a rime drake
  4957 | D:8      | Reached skill level 11 in Staves
  5010 | D:8      | Found a staircase to the Lair.
  5512 | D:9      | Reached skill level 12 in Staves
  5683 | D:9      | Found Qiwn's Weapon Shoppe.
  5782 | D:9      | Noticed a centaur warrior
  5789 | D:9      | Killed a centaur warrior
  5942 | D:9      | Found Vomac's Magic Scroll Boutique.
  5986 | D:9      | Reached XP level 10. HP: 88/88 MP: 9/9
  6038 | D:9      | Found a flagged portal.
  6046 | Bailey   | Entered a bailey
  6134 | Bailey   | Reached skill level 13 in Staves
  6202 | Bailey   | Noticed an orc high priest
  6204 | Bailey   | Noticed an orange demon
  6211 | Bailey   | Killed an orc high priest
  6379 | Bailey   | Noticed an orc knight
  6388 | Bailey   | Killed an orc knight
  6592 | Bailey   | Found an iron altar of Okawaru.
  6592 | Bailey   | Noticed an orc sorcerer
  6599 | Bailey   | Killed an orc sorcerer
  6599 | Bailey   | Reached *** piety under Yredelemnul
  6600 | Bailey   | Reached skill level 14 in Staves
  6776 | Bailey   | Reached **** piety under Yredelemnul
  7085 | D:9      | Noticed a death yak
  7124 | D:9      | Killed a death yak
  7125 | D:9      | Reached skill level 1 in Evocations
  7128 | D:9      | Reached skill level 5 in Dodging
  7129 | D:9      | Reached XP level 11. HP: 45/99 MP: 1/10
  7137 | D:9      | Reached skill level 10 in Fighting
  7374 | D:9      | Reached ***** piety under Yredelemnul
  7419 | D:9      | Noticed Erica
  7425 | D:9      | Killed Erica
  7527 | D:9      | Reached skill level 15 in Staves
  7650 | D:9      | Noticed a green ugly thing
  7658 | D:9      | Killed a green ugly thing
  7953 | D:9      | Found Lumuchos's Armour Shoppe.
  7961 | D:9      | Bought the +3 ring mail "Gelluas" {-Cast *Corrode Slay+5
                  | SInv} for 540 gold pieces
  8001 | D:9      | Found Metwiwu's Weapon Shop.
  8051 | D:9      | Reached ****** piety under Yredelemnul
  8130 | D:9      | Found Seang's Jewellery Shoppe.
  8250 | Lair:1   | Entered Level 1 of the Lair of Beasts
  8353 | Lair:1   | Noticed Harold
  8362 | Lair:1   | Killed Harold
  8656 | Lair:1   | Noticed Urug
  8670 | Lair:1   | Killed Urug
  9262 | Lair:2   | Noticed a bog body
  9269 | Lair:2   | Killed a bog body
  9270 | Lair:2   | Reached XP level 12. HP: 41/112 MP: 7/11
  9559 | Lair:2   | Reached skill level 16 in Staves
  9588 | Lair:2   | Found a hole to the Spider Nest.
  9634 | Lair:2   | Reached skill level 10 in Armour
 10323 | Lair:2   | Found a staircase to the Swamp.
 10597 | Swamp:1  | Entered Level 1 of the Swamp
 11268 | Swamp:1  | Noticed an eleionoma
 11275 | Swamp:1  | Killed an eleionoma
 11305 | Swamp:1  | Noticed an alligator
 11309 | Swamp:1  | Killed an alligator
 11633 | Swamp:1  | Noticed a bunyip
 11644 | Swamp:1  | Killed a bunyip
 11775 | Swamp:2  | Noticed a ghost crab
 11782 | Swamp:2  | Noticed a ghost crab
 11789 | Swamp:2  | HP: 4/96 [spectral fenstrider witch[a ghost crab] (9)]
 11790 | Swamp:2  | Slain by a spectral fenstrider witch

Illustrated notes

Levels and vault maps discovered:
D:1:      minmay_arrival_doors, layout_basic, amethyst_killhole,
          hangedman_glass_teeth
D:2:      cheibrodos_greedy_goblins, layout_basic, kennysheep_generic_room_8
D:3:      layout_loops_ring, uniq_jessica
D:4:      layout_gridville, nicolae_ru_great_annihilating_truth,
          grunt_temple_overflow_cloverleaf, nicolae_elyvilon_peaceful_grove,
          mainiacjoe_overflow_alcove_1, dreamdust_princess_corridor,
          roderic_lattice_a
D:5:      minmay_recursive_quarters, layout_loops_ring,
          grunt_temple_overflow_forces_of_nature
D:6:      layout_rooms, minmay_temple_entry_offerings, serial_curves,
          eino_curves_02, eino_curves_01
D:7:      layout_cave_pools
D:8:      layout_cave_pools, hellmonk_lair_entry_icy, serial_shops, shop_coins
D:9:      argonaut_augean_stables, layout_stronghold, enter_bailey_2,
          serial_shops, shop, nicolae_inconvenience_store, nicolae_shop_trees,
          nicolae_shop_statue_plus, kennysheep_mini, uniq_erica
Temple:   hellmonk_temple_of_storms
Lair:1:   layout_chaotic_city, minmay_hedge_maze, uniq_harold, uniq_urug
Lair:2:   layout_regular_city, nicolae_swamp_entry_splash_gauntlet,
          spider_nest_entry_web_field
Swamp:1:  layout_basic_swamp, evilmike_swamp_ruin_house_5
Swamp:2:  layout_falls_marsh, nicolae_swamp_oxbows,
          nicolae_swamp_decorative_isthmus, uniq_louise

Skill      XL: |  1  2  3  4  5  6  7  8  9 10 11 12 |
---------------+-------------------------------------+-----
Shields        | 4 |  4.0
Armour         | 4 5 6 7 9 10 | 10.9
Fighting       | 4 5 6 7 8 9 11 14 | 14.0
Staves         | 1 3 4 6 8 10 12 14 15 16 | 16.9
Dodging        | 1 2 3 5 7 |  7.0
Stealth        | 1 2 3 4 |  4.3
Evocations     | 1 |  1.8
Long Blades    | |  2.8

Action                     |  1- 3 |  4- 6 |  7- 9 | 10-12 || total
---------------------------+-------+-------+-------+-------++-------
  Melee: Long sword        |    13 |       |       |       ||    13
         Headbutt          |    14 |     9 |    21 |    40 ||    84
         Lajatang          |    60 |    70 |   119 |   269 ||   518
  Evoke: Wand              |       |       |       |     6 ||     6
    Use: Scroll            |    12 |     5 |     4 |     5 ||    26
         Potion            |       |       |     1 |     8 ||     9
   Stab: Paralysed         |       |     1 |       |       ||     1
         Sleeping          |       |       |       |     1 ||     1
         Distracted        |       |       |       |     2 ||     2
 Armour: Scale mail        |    39 |    21 |       |       ||    60
         Ring mail         |       |    12 |    74 |   192 ||   278
  Dodge: Dodged            |    64 |    46 |   106 |   190 ||   406
  Block: Buckler           |     2 |       |       |       ||     2
